 Dungeon Crawl Stone Soup version 0.26.1-11-gd32895ea62 (webtiles) character file.

Game seed: 4877900005117815630

58677 Shirokaze the Severer (level 14, 0/128 (132) HPs)
             Began as a Palentonga Fighter on Apr 15, 2021.
             Was an Elder of Ashenzari.
             Slain by a death yak (9 damage)
             ... on level 4 of the Lair of Beasts.
             The game lasted 01:24:06 (17514 turns).

Shirokaze the Severer (Palentonga Fighter)         Turns: 17514, Time: 01:24:06

HP:   0/128 (132)   AC: 27    Str: 28    XL:     14   Next: 50%
MP:   0/26          EV:  6    Int:  8    God:    Ashenzari [****..]
Gold: 415           SH: 13    Dex:  9    Spells: 27/29 levels left

rFire    + . .     SeeInvis +   C - +1 broad axe (venom)
rCold    . . .     Faith    .   c - +0 kite shield (curse)
rNeg     . . .     Spirit   +   x - +0 plate armour (curse)
rPois    .         Reflect  .   v - +0 hat {Will+} (curse)
rElec    .         Harm     .   (no cloak)
rCorr    .         Rampage  .   u - +1 pair of gloves of Inicieje {Stlth+} (curse)
Will     ++...     Clarity  +   (no barding)
Stlth    ..........             f - amulet of guardian spirit (curse)
HPRegen  0.31/turn              e - +4 ring of protection
MPRegen  0.20/turn              h - ring of protection from fire

@: slowed, lightly drained, curled up, very slow
A: large, beak, rugged brown scales 3, see invisible, deformed body, strong 1,
roll 1, armoured tail, reflexive curl
a: Rolling Charge, Renounce Religion, Curse Item, Scrying


You were on level 4 of the Lair of Beasts.
You worshipped Ashenzari.
Ashenzari was greatly pleased with you.
You visited 4 branches of the dungeon, and saw 19 of its levels.

You collected 1816 gold pieces.
You spent 1401 gold pieces at shops.

Inventory:

Hand Weapons
 C - a +1 broad axe of venom (weapon)
Armour
 c - a cursed +0 kite shield (worn)
 u - the cursed +1 pair of gloves of Inicieje (worn) {Stlth+}
   (You bought it in a shop on level 2 of the Orcish Mines)

   It makes you more stealthy.
   It has a curse placed upon it.
 v - a cursed +0 hat of willpower (worn)
 x - a cursed +0 plate armour (worn)
Jewellery
 e - a +4 ring of protection (left hand)
 f - a cursed amulet of guardian spirit (around neck)
 h - a ring of protection from fire (right hand)
Wands
 a - a wand of paralysis (7)
 l - a wand of acid (10)
 o - a wand of digging (2)
 s - a wand of random effects (11)
 t - a wand of enslavement (8)
 y - a wand of disintegration (12)
Scrolls
 j - a scroll of remove curse
 m - 3 scrolls of magic mapping
 p - a scroll of silence
 q - 11 scrolls of teleportation
 r - 2 scrolls of fog
 A - a scroll of fear
 B - a scroll of vulnerability {unknown}
 D - a scroll of enchant weapon
Potions
 b - 2 potions of heal wounds
 d - 3 potions of might
 g - 2 potions of curing
 i - 7 potions of haste
 k - a potion of resistance
 n - 2 potions of mutation
 w - 4 potions of flight
 z - a potion of magic
 E - a potion of cancellation


   Skills:
 * Level 11.1 Fighting
 * Level 15.4 Axes
 * Level 9.7(13.0) Armour
 * Level 9.1(11.3) Shields
 * Level 8.2 Spellcasting
 + Level 1.0 Evocations


You had 27 spell levels left.
You knew the following spells:

 Your Spells              Type           Power        Failure   Level
a - Swiftness             Air            3%           89%         2

Your spell library contained the following spells:

 Spells                   Type           Power        Failure   Level
 Shock                    Conj/Air       12%          78%         1
 Summon Small Mammal      Summ           12%          78%         1
 Call Imp                 Summ           3%           89%         2
 Call Canine Familiar     Summ           3%           98%         3
 Confusing Touch          Hex            3%           98%         3
 Gell's Gravitas          Tloc           1%           98%         3
 Static Discharge         Conj/Air       3%           98%         3
 Summon Guardian Golem    Hex/Summ       3%           98%         3
 Airstrike                Air            1%           100%        4
 Petrify                  Tmut/Erth      3%           100%        4
 Summon Ice Beast         Ice/Summ       3%           100%        4
 Summon Lightning Spire   Summ/Air       3%           100%        4
 Lightning Bolt           Conj/Air       1%           100%        5
 Metabolic Englaciation   Hex/Ice        1%           100%        5
 Yara's Violent Unravell  Hex/Tmut       1%           100%        5


Dungeon Overview and Level Annotations

Branches:
Dungeon (12/15)            Temple (1/1) D:7            Lair (4/6) D:9
  Snake (0/4) Lair:4          Orc (2/2) D:10            Elf (0/3) Orc:2
  Swamp: Lair:2-4    Shoals: Lair:2-4

Altars:
Ashenzari
Cheibriados
Dithmenos
Elyvilon
Fedhas
Gozag
Hepliaklqana
Kikubaaqudgha
Makhleb
Nemelex Xobeh
Okawaru
Qazlal
Ru
Sif Muna
Trog
Uskayaw
Vehumet
Wu Jian
Xom
Yredelemnul
Zin
The Shining One
Beogh
Lugonu

Shops:
D:10 }   D:12 =   Orc:2 :*[(

Annotations:
Orc:2 3 runed translucent doors, dohliylev's ghost, journeyman MiBe


Innate Abilities, Weirdness & Mutations

You are completely covered in rugged brown scales. (AC +3, +7% HP)
You have supernaturally acute eyesight. (SInv)
Armour fits poorly on your strangely shaped body.
You can roll at nearby foes to attack.
You have a long armoured tail.
You curl defensively after being hit.
You have a beak for a mouth.
Your muscles are strong. (Str +2)


Message History

The death yak is severely wounded.
You barely miss the wraith. You block the wraith's attack.
The death yak gores you.
* * * LOW HITPOINT WARNING * * *
The wraith hits you but does no damage.
You hit the death yak.
The death yak looks as sick as possible!
The death yak is severely wounded.
You hit the wraith but do no damage. The death yak gores you.
* * * LOW HITPOINT WARNING * * *
The wraith hits you.
* * * LOW HITPOINT WARNING * * *
The death yak gores you but does no damage.
The wraith hits you.
* * * LOW HITPOINT WARNING * * *
The wraith drains your vigour!
You feel as though you will be slow longer.
The death yak barely misses you. The wraith hits you but does no damage.
The death yak gores you!
You die...

* #..>..### # * **
##...>)#.#.## #...# *
##...........## *##....#
#...>..........* *
....#.* ##.....#†.......
* * #....*
#.....#.#.......
#...######.....##....^..
##...##....WY...#
###....
#.....##...@...###
*,.... ##...#
#...P......#* ... #....#
#...PP.....# , ^,
##...###...P####.... ,
#....##...## *,....,, ,,
,, #.....#<...# .... , ^
#...##....## * .. , ,,
#.........## ^, , ,
#..........# , , , , ,


You could see a death yak (very poisoned) and a wraith.

Vanquished Creatures
  An orc warlord (Orc:2)
  An ettin (Orc:1)
  3 ogre magi (D:12)
  Josephine (Lair:4)
  3 hydras
  A boulder beetle (D:12)
  A two-headed ogre (D:12)
  14 death yaks
  A vampire mage (D:12)
  5 orc high priests (Orc:2)
  Urug (Lair:3)
  Nergalle (D:12)
  2 wizards (D:12)
  3 deep elf magi
  5 orc knights
  The ghost of kalagan the Destroyer, a novice DECj of Sif Muna (D:9)
  2 cyclopes
  An ugly thing (D:12)
  A wolf spider zombie (D:12)
  4 orc sorcerers
  3 black mambas
  9 elephants (Lair:3)
  Maurice (D:8)
  Joseph (Lair:1)
  A gargoyle (D:9)
  6 cane toads
  2 rime drakes (Lair:2)
  8 komodo dragons
  4 trolls
  4 blink frogs (Lair:1)
  31 yaks
  A vampire (D:11)
  5 wraiths
  5 wyverns
  Eustachio (D:6)
  Edmund (D:6)
  A soldier ant (D:10)
  Duvessa (D:5)
  3 water moccasins
  An ice beast (D:12)
  A sky beast (D:11)
  3 black bears
  32 orc warriors
  2 phantoms (D:11)
  10 wolves
  A necrophage (D:12)
  9 centaurs
  6 ogres
  3 big kobolds
  15 bullfrogs
  Blork the orc (D:4)
  Dowan (D:5)
  A wyvern skeleton (D:10)
  8 scorpions
  7 wights
  12 killer bees
  2 howler monkeys (D:10)
  5 electric eels
  2 bullfrog zombies
  3 bullfrog skeletons
  2 jellies
  23 orc priests
  17 hounds
  17 iguanas
  Natasha (thrice) (D:4)
  20 orc wizards
  9 worker ants
  A killer bee zombie (D:9)
  3 hound zombies
  2 hound skeletons
  A howler monkey zombie (D:9)
  A worker ant zombie (D:5)
  Robin (D:3)
  A howler monkey skeleton (D:7)
  4 gnolls (D:4)
  7 adders
  A shadow imp (D:7)
  3 white imps
  3 ufetubi
  2 oozes
  An adder zombie (D:7)
  An adder skeleton (D:4)
  4 worms
  2 dart slugs (D:3)
  15 leopard geckos
  82 orcs
  A ball python (D:3)
  5 bat skeletons (D:6)
  2 giant cockroaches (D:3)
  8 hobgoblins
  3 jackals (D:6)
  20 kobolds
  7 quokkas
  5 bats
  11 frilled lizards
  7 goblins
  A jackal skeleton (D:4)
  A quokka zombie (D:6)
  6 rats
568 creatures vanquished.

Vanquished Creatures (others)
  An orc wizard (D:11)
  A leopard gecko (Lair:2)
  6 demonic plants (Temple)
  12 fungi
  10 plants
30 creatures vanquished.

Grand Total: 598 creatures vanquished

Notes
Turn   | Place    | Note
-------+----------+-------------------------------------------
     0 | D:1      | Shirokaze the Palentonga Fighter began the quest for the
                  | Orb.
     0 | D:1      | Reached XP level 1. HP: 20/20 MP: 1/1
   228 | D:1      | Reached XP level 2. HP: 21/27 MP: 2/2
   663 | D:2      | Reached XP level 3. HP: 33/33 MP: 3/3
   694 | D:2      | Found a white marble altar of Elyvilon.
   753 | D:2      | Gained mutation: You have a beak for a mouth. [potion of
                  | mutation]
   753 | D:2      | Gained mutation: Your muscles are strong. (Str +2) [potion
                  | of mutation]
   830 | D:2      | Found a glowing golden altar of the Shining One.
   832 | D:2      | Noticed an angel
   885 | D:2      | Found a basalt altar of Yredelemnul.
   887 | D:2      | Noticed a profane servitor
  1040 | D:3      | Found a snail-covered altar of Cheibriados.
  1375 | D:3      | Reached skill level 3 in Axes
  1622 | D:3      | Found a hazy altar of Hepliaklqana.
  1721 | D:3      | Reached XP level 4. HP: 40/40 MP: 4/4
  1724 | D:3      | Noticed Robin
  1727 | D:3      | Killed Robin
  1891 | D:4      | Reached skill level 1 in Spellcasting
  1891 | D:4      | Reached XP level 5. HP: 46/48 MP: 6/6
  1896 | D:4      | Reached skill level 4 in Axes
  1922 | D:4      | Found a sparkling altar of Nemelex Xobeh.
  2009 | D:4      | Noticed an orc warrior
  2017 | D:4      | Killed an orc warrior
  2018 | D:4      | Reached XP level 6. HP: 14/55 MP: 2/8
  2367 | D:4      | Noticed Natasha
  2370 | D:4      | Killed Natasha
  2371 | D:4      | Reached skill level 5 in Axes
  2413 | D:4      | Noticed Blork the orc
  2419 | D:4      | Killed Blork the orc
  2469 | D:4      | Found a sparkling altar of Nemelex Xobeh.
  2496 | D:4      | Gained mutation: You curl defensively after being hit.
                  | [Palentonga growth]
  2496 | D:4      | Reached XP level 7. HP: 43/63 MP: 6/9
  2589 | D:4      | Found a glowing silver altar of Zin.
  2639 | D:4      | Noticed Natasha
  2648 | D:4      | Killed Natasha
  2711 | D:4      | Noticed Natasha
  2716 | D:4      | Killed Natasha
  2749 | D:5      | Entered Level 5 of the Dungeon
  3096 | D:5      | Reached skill level 6 in Axes
  3181 | D:5      | Found an iron altar of Okawaru.
  3201 | D:5      | Noticed Duvessa
  3216 | D:5      | Noticed Dowan
  3224 | D:5      | Killed Duvessa
  3225 | D:5      | Reached XP level 8. HP: 13/71 MP: 3/11
  3227 | D:5      | Killed Dowan
  3386 | D:5      | Found a sacrificial altar of Ru.
  3587 | D:6      | Noticed Edmund
  3592 | D:6      | Killed Edmund
  3593 | D:6      | Reached skill level 7 in Axes
  3667 | D:6      | Reached skill level 5 in Fighting
  3723 | D:6      | Noticed Eustachio
  3732 | D:6      | Killed Eustachio
  4022 | D:6      | Found an ancient bone altar of Kikubaaqudgha.
  4112 | D:7      | Reached skill level 8 in Axes
  4120 | D:7      | Reached XP level 9. HP: 23/79 MP: 4/14
  4265 | D:7      | Found an iron altar of Okawaru.
  4309 | D:7      | Found a staircase to the Ecumenical Temple.
  4317 | D:7      | Reached skill level 5 in Armour
  4361 | Temple   | Entered the Ecumenical Temple
  5075 | D:8      | Found a bloodstained altar of Trog.
  5076 | D:8      | Found a broken altar of Ashenzari.
  5083 | D:8      | Became a worshipper of Ashenzari the Shackled
  5155 | D:8      | Reached skill level 9 in Axes
  5262 | D:8      | Found an ornate altar of the Wu Jian Council.
  5465 | D:8      | Noticed Maurice
  5475 | D:8      | Killed Maurice
  5831 | D:9      | Found a runed translucent door.
  5831 | D:9      | Noticed kalagan's ghost (novice DECj)
  5831 | D:9      | Noticed a gargoyle
  6036 | D:9      | Reached XP level 10. HP: 79/88 MP: 16/16
  6197 | D:9      | Reached skill level 5 in Shields
  6266 | D:9      | Found a blossoming altar of Fedhas.
  6953 | D:9      | Killed kalagan's ghost
  6954 | D:9      | Reached skill level 10 in Axes
  6968 | D:9      | Killed a gargoyle
  7182 | D:10     | Entered Level 10 of the Dungeon
  7187 | D:10     | Found Dagoucump's Gadget Shoppe.
  7545 | D:10     | Reached * piety under Ashenzari
  7661 | D:10     | Found a staircase to the Orcish Mines.
  7744 | D:10     | Learned a level 2 spell: Swiftness
  8055 | D:11     | Reached skill level 5 in Spellcasting
  8595 | D:11     | Reached XP level 11. HP: 87/98 MP: 18/18
  8869 | D:11     | Found a shimmering blue altar of Sif Muna.
  9004 | D:12     | Noticed a wizard
  9022 | D:12     | Killed a wizard
  9023 | D:12     | Noticed a deep elf mage
  9027 | D:12     | Noticed a deep elf mage
  9030 | D:12     | Noticed an ogre mage
  9034 | D:12     | Noticed a wizard
  9044 | D:11     | Killed a deep elf mage
  9045 | D:11     | Reached skill level 11 in Axes
  9170 | D:12     | Noticed an ogre mage
  9388 | D:12     | Noticed a two-headed ogre
  9397 | D:12     | Killed a two-headed ogre
  9781 | D:12     | Noticed a deep elf mage
  9792 | D:12     | Killed a deep elf mage
  9831 | D:12     | Reached ** piety under Ashenzari
  9873 | D:12     | Noticed an ogre mage
  9883 | D:12     | Killed an ogre mage
  9954 | D:12     | Reached skill level 12 in Axes
  9960 | D:12     | Noticed a white ugly thing
  9974 | D:12     | Killed a white ugly thing
 10023 | D:12     | Killed a wizard
 10032 | D:12     | Killed an ogre mage
 10033 | D:12     | Reached XP level 12. HP: 72/110 MP: 18/21
 10035 | D:12     | Noticed a boulder beetle
 10052 | D:12     | Killed a boulder beetle
 10075 | D:12     | Noticed a vampire mage
 10353 | D:12     | Killed an ogre mage
 10372 | D:12     | Found Bosk's Jewellery Shoppe.
 10386 | D:12     | Killed a vampire mage
 10478 | D:12     | Noticed Nergalle
 10488 | D:12     | Killed Nergalle
 10676 | D:12     | Found the +12 glaive of Prune {vorpal}
 10788 | Orc:1    | Entered Level 1 of the Orcish Mines
 10804 | Orc:1    | Noticed an ettin
 10807 | Orc:1    | Found a roughly hewn altar of Beogh.
 10813 | Orc:1    | Killed an ettin
 10883 | Orc:1    | Reached skill level 13 in Axes
 11287 | Orc:1    | HP: 5/106 [burnt (1)]
 11732 | Orc:2    | Entered Level 2 of the Orcish Mines
 11850 | Orc:2    | Reached *** piety under Ashenzari
 11859 | Orc:2    | Noticed a minotaur
 11862 | Orc:2    | Noticed dohliylev's ghost (journeyman MiBe)
 11939 | Orc:2    | Found a staircase to the Elven Halls.
 12177 | Orc:2    | Found a roughly hewn altar of Beogh.
 12177 | Orc:2    | Noticed an orc high priest
 12197 | Orc:2    | Killed an orc high priest
 12404 | Orc:2    | Found a runed translucent gate.
 12404 | Orc:2    | Found a runed translucent gate.
 12404 | Orc:2    | Found a runed translucent gate.
 12858 | Orc:2    | Reached XP level 13. HP: 92/119 MP: 17/23
 12952 | Orc:2    | Noticed an orc warlord
 13213 | Orc:2    | Found Cooquy's Antique Armour Shop.
 13214 | Orc:2    | Found Lode Myi's Antique Weapon Shop.
 13216 | Orc:2    | Found Alouc's General Store.
 13216 | Orc:2    | Found Bilitabikh's Book Boutique.
 13251 | Orc:2    | Bought a pair of faintly glowing gloves for 342 gold pieces
 13251 | Orc:2    | Identified the +1 pair of gloves of Inicieje {Stlth+} (You
                  | bought it in a shop on level 2 of the Orcish Mines)
 13252 | Orc:2    | Bought a runed broad axe for 175 gold pieces
 13262 | Orc:2    | Bought a scroll of identify for 30 gold pieces
 13327 | Orc:2    | Killed an orc warlord
 13351 | Orc:2    | Reached skill level 10 in Fighting
 13659 | D:12     | Bought a +4 ring of protection for 504 gold pieces
 13659 | D:12     | Bought an uncursed ring of protection from fire for 350
                  | gold pieces
 13714 | D:12     | Reached skill level 14 in Axes
 13879 | D:9      | Found a staircase to the Lair.
 14033 | Lair:1   | Entered Level 1 of the Lair of Beasts
 14406 | Lair:1   | Noticed Joseph
 14410 | Lair:1   | Killed Joseph
 15055 | Lair:2   | Reached skill level 1 in Evocations
 15773 | Lair:2   | Reached **** piety under Ashenzari
 16426 | Lair:3   | Reached XP level 14. HP: 113/130 MP: 22/25
 16499 | Lair:3   | Noticed Urug
 16528 | Lair:3   | Killed Urug
 16533 | Lair:3   | Reached skill level 15 in Axes
 17476 | Lair:4   | Found a staircase to the Snake Pit.
 17485 | Lair:4   | Noticed Josephine
 17498 | Lair:4   | Killed Josephine
 17514 | Lair:4   | Slain by a death yak

Illustrated notes

Levels and vault maps discovered:
D:1:      ncdulo_halloftheorcs, layout_rooms, st_stairs_10
D:2:      layout_rooms, grunt_temple_overflow_holy_war, elyvilon_altar_5
D:3:      layout_loops_corners, nicolae_overflow_crystal_walls,
          kennysheep_slug_shrine, uniq_robin
D:4:      layout_basic, lemuel_round_altar, lemuel_doored_altar,
          nemelex_diamond_rough_becter, uniq_blork_the_orc, uniq_natasha
D:5:      layout_cave_pods, nicolae_ru_path_of_blood, lemuel_crystal_altar,
          uniq_duvessa
D:6:      layout_cave_pools, kennysheep_vampire_church, uniq_edmund,
          uniq_eustachio
D:7:      hangedman_cross_stitches, layout_cave_pools, temple_fountains,
          serial_rivers, chequers_serial_rivers_small_3,
          chequers_serial_rivers_large_b, chequers_serial_rivers_small_3,
          chequers_serial_rivers_micro_c, kennysheep_okawaru_gauntlet
D:8:      layout_gridville, lemuel_coloured_pillars_altar,
          gammafunk_temple_overflow_pools, uniq_maurice
D:9:      layout_loops_cross, fedhas_bush_and_centaur_altar, erik_lair_island,
          ebering_ghost_inner_flame
D:10:     layout_loops_ring, orc_0_dummy, serial_shops, shop
D:11:     layout_roguey, led_sif_book
D:12:     layout_long_grid, serial_shops, shop, minmay_guarded_unrand_prune,
          uniq_nergalle
Temple:   kb_corrupted_temple
Lair:1:   layout_hall_layers, minivault_25, chequers_serial_rivers_micro_c,
          uniq_joseph
Lair:2:   lemuel_reptile_caves, layout_hall_layers, serial_rivers,
          chequers_serial_rivers_micro_e, chequers_serial_rivers_marsh,
          chequers_serial_rivers_micro_b, chequers_serial_rivers_small_3,
          chequers_serial_rivers_micro_c, chequers_serial_rivers_small_3
Lair:3:   layout_small_grid, lemuel_fruit_tree, uniq_urug
Lair:4:   layout_cellular_growth, swamp_mist, dummy_snake_entry,
          portal_ice_cave_demonic_guard, minmay_holes, serial_bayou_shore_a,
          uniq_josephine
Orc:1:    layout_diamond_mine, basic_altar
Orc:2:    st_orc_congregation, layout_diamond_mine,
          maelrawn_ghost_gauntlet_escape, kennysheep_orc_chapel, uniq_rupert

Skill      XL: |  1  2  3  4  5  6  7  8  9 10 11 12 13 14 |
---------------+-------------------------------------------+-----
Axes           | 3 4 5 6 8 9 10 12 13 14 15 | 15.4
Armour         | 3 4 5 6 7 8 9 |  9.7
Spellcasting   | 1 2 3 4 5 6 7 8 |  8.2
Shields        | 3 4 6 7 8 9 |  9.1
Fighting       | 4 5 6 7 8 9 10 11 | 11.1
Evocations     | 1 |  1.0

Action                   |  1- 3 |  4- 6 |  7- 9 | 10-12 | 13-15 || total
-------------------------+-------+-------+-------+-------+-------++-------
Melee: War axe           |    92 |    58 |   264 |       |       ||   414
       Tailslap          |     1 |     7 |    47 |   117 |    88 ||   260
       Peck              |     6 |     7 |    51 |   163 |   116 ||   343
       Hand axe          |       |       |    54 |   747 |   134 ||   935
       Broad axe         |       |       |       |       |   323 ||   323
Invok: Curse Item        |       |       |     4 |     2 |     1 ||     7
 Abil: Rolling Charge    |    34 |    10 |    54 |    97 |    53 ||   248
Evoke: Wand              |       |       |       |       |    24 ||    24
  Use: Scroll            |    12 |       |     7 |     4 |     9 ||    32
       Potion            |     3 |       |     1 |     3 |     1 ||     8
Armor: Scale mail        |    30 |       |       |       |       ||    30
       Chain mail        |     3 |    29 |    71 |       |       ||   103
       Plate armour      |       |       |    86 |   295 |   211 ||   592
Dodge: Dodged            |    17 |    15 |    47 |   100 |    90 ||   269
Block: Kite shield       |    40 |    32 |   171 |   327 |   269 ||   839
